 Dungeon Crawl Stone Soup version 0.19.0-22-gd96e5fe (webtiles) character file.

57 esc the Vandal (level 4, -3/29 HPs)
             Began as a Halfling Hunter on Nov 18, 2016.
             Slain by a worm (5 damage)
             ... on level 2 of the Dungeon.
             The game lasted 00:06:14 (1160 turns).

esc the Vandal (Halfling Hunter)                    Turns: 1160, Time: 00:06:14

Health: -3/29      AC:  3    Str: 13    XL:     4   Next: 18%
Magic:  4/4        EV: 15    Int:  9    God:
Gold:   159        SH:  0    Dex: 15    Spells: 0 memorised, 3 levels left

rFire  . . .     SeeInvis .     a - +1 hunting sling
rCold  . . .     Gourm    .     c - +0 leather armour
rNeg   . . .     Faith    .     (shield restricted)
rPois  .         Spirit   .     (no helmet)
rElec  .         Reflect  .     (no cloak)
rCorr  .         Harm     .     (no gloves)
MR     .....                    (no boots)
Stlth  ++........               (no amulet)
                                (no ring)
                                r - +1 ring of slaying

@: lethally poisoned (-3 -> -6)
A: mutation resistance 1
a: no special abilities


You were on level 2 of the Dungeon.
You were hungry.

You visited 1 branch of the dungeon, and saw 2 of its levels.

You collected 159 gold pieces.

Inventory:

Hand Weapons
 a - a +1 hunting sling (weapon)
 b - a +0 rapier
   (You found it on level 2 of the Dungeon)
Missiles
 d - 7 sling bullets
 e - 34 stones (quivered)
 p - 8 poisoned needles
Armour
 c - a +0 leather armour (worn)
Jewellery
 r - a +1 ring of slaying (left hand)
   (You found it on level 2 of the Dungeon)
Scrolls
 g - a scroll of teleportation {unknown}
 h - a scroll of immolation {unknown}
 i - a scroll of recharging {unknown}
 j - 3 scrolls of identify {unknown}
 k - a scroll of magic mapping {unknown}
 l - a scroll of noise {unknown}
 o - 3 scrolls of enchant weapon {unknown}
 s - 2 scrolls of blinking {unknown}
 t - a scroll of fog {unknown}
Potions
 n - a potion of flight {unknown}
Comestibles
 f - 3 bread rations {@e1}
 m - a chunk of flesh {@w0}
 u - a meat ration {@e2}
 v - a royal jelly


   Skills:
 + Level 2.1 Fighting
 + Level 1.7 Short Blades
 + Level 6.3 Slings
 + Level 0.4 Armour
 + Level 2.5 Dodging
 - Level 2.2 Stealth


You had 3 spell levels left.
You didn't know any spells.

Dungeon Overview and Level Annotations

Branches:
Dungeon (2/15)

Altars:


Innate Abilities, Weirdness & Mutations

You are small and have problems with some larger weapons.
You are somewhat resistant to further mutation.


Message History

You shoot a stone. The stone hits the frilled lizard.
You kill the frilled lizard!
You have reached level 4!
Health restored: 29; MP restored: 4
e - 47 stones (gained 1)
You see here a frilled lizard corpse.
You butcher the frilled lizard corpse.
m - 4 chunks of flesh {@w0} (gained 1)
Found a stone staircase leading up.
An adder comes into view.
Aim: an adder (resting)
You shoot a stone. The stone hits the adder.
Aim: an adder (lightly wounded)
You shoot a stone. The stone barely misses the adder.
You are feeling hungry.
Some of the chunks of flesh in your inventory have rotted away.
Aim: an adder (lightly wounded)
You shoot a stone. The stone barely misses the adder.
Aim: an adder (lightly wounded)
You shoot a stone. The stone completely misses the adder.
Aim: an adder (lightly wounded)
You shoot a stone. The stone closely misses the adder.
Aim: an adder (lightly wounded)
You shoot a stone. The stone hits the adder.
The adder barely misses you. The adder bites you but does no damage.
Aim: an adder (moderately wounded)
You shoot a stone. The stone hits the adder!
The adder closely misses you.
Aim: an adder (almost dead)
You shoot a stone. The stone closely misses the adder.
The adder bites you.
You are poisoned.
The adder poisons you!
You take 3 damage, and have 26/29 hp.
Aim: an adder (almost dead)
You shoot a stone. The stone misses the adder.
You feel sick. The adder closely misses you.
You take 1 damage, and have 25/29 hp.
Aim: an adder (almost dead)
You shoot a stone. The stone barely misses the adder.
The adder bites you.
You are more poisoned.
The adder poisons you!
You take 4 damage, and have 21/29 hp.
Aim: an adder (almost dead)
You shoot a stone. The stone closely misses the adder.
You feel sick. The adder bites you.
You take 4 damage, and have 17/29 hp.
Aim: an adder (almost dead)
You shoot a stone. The stone misses the adder.
You feel sick. The adder closely misses you. The adder bites you.
You are lethally poisoned!
The adder poisons you!
You take 5 damage, and have 12/29 hp.
Aim: an adder (almost dead)
You shoot a stone. The stone hits the adder!
You kill the adder!
It was a potion of resistance.
You feel protected.
You feel sick.
You take 1 damage, and have 11/29 hp.
It was a potion of cancellation.
Your magical effects are unravelling.
You feel magically purged.
Your resistance to elements expires.
You feel sick.
You take 1 damage, and have 10/29 hp.
You feel sick.
You take 1 damage, and have 9/29 hp.
* * * LOW HITPOINT WARNING * * *
You feel sick.
There is a stone staircase leading up here.
You take 1 damage, and have 8/29 hp.
Okay, then.
* * * LOW HITPOINT WARNING * * *
You feel sick.
You take 1 damage, and have 7/29 hp.
* * * LOW HITPOINT WARNING * * *
You feel sick.
You take 1 damage, and have 6/29 hp.
You see here a scroll labeled TUTAUMNUEHU.
j - 3 scrolls labeled TUTAUMNUEHU (gained 1)
* * * LOW HITPOINT WARNING * * *
You feel sick.
You take 1 damage, and have 5/29 hp.
* * * LOW HITPOINT WARNING * * *
You feel sick.
You take 1 damage, and have 5/29 hp.
* * * LOW HITPOINT WARNING * * *
You feel sick.
You take 1 damage, and have 4/29 hp.
A worm comes into view.
* * * LOW HITPOINT WARNING * * *
You feel sick.
You take 1 damage, and have 3/29 hp.
* * * LOW HITPOINT WARNING * * *
You feel sick.
You take 1 damage, and have 2/29 hp.
The worm barely misses you.
You see here a dark potion.
n - a dark potion The worm bites you.
You die...

#########.# #(#
#.........### #(#
#.##........###(# #.
#.####.#.<...# #. #.#
#.#####.# #.##.# #.#
#.### #.#..# #.#
#.... #.#.#.#####.#
#.##. #...@....##.#
#.##.
###.#w##.##.#####.##.
#.#.# ##.......##.
#.#.# #######.##.
..#.# #.##. ###.#
#.##. #.# #.##. !#
######.##. #.......<.


You could see a worm.

Vanquished Creatures
  An adder (D:2)
  An ooze (D:1)
  A worm (D:1)
  2 dart slugs
  A leopard gecko (D:1)
  2 giant cockroaches
  6 goblins
  3 hobgoblins
  4 jackals (D:1)
  6 bats (D:1)
  4 frilled lizards
  3 kobolds
  5 rats
39 creatures vanquished.

Notes
Turn   | Place    | Note
-------+----------+-------------------------------------------
     0 | D:1      | esc the Halfling Hunter began the quest for the Orb.
     0 | D:1      | Reached XP level 1. HP: 14/14 MP: 1/1
    40 | D:1      | Reached skill level 1 in Short Blades
    40 | D:1      | Reached XP level 2. HP: 11/19 MP: 2/2
   298 | D:1      | Reached skill level 6 in Slings
   356 | D:1      | Reached skill level 2 in Stealth
   356 | D:1      | Reached XP level 3. HP: 24/24 MP: 3/3
   445 | D:1      | Reached skill level 2 in Fighting
  1117 | D:2      | Reached XP level 4. HP: 29/29 MP: 4/4
  1146 | D:2      | HP: 7/29 [poisoned by an adder]
  1151 | D:2      | HP: 5/29 [poisoned by an adder]
  1157 | D:2      | HP: 2/29 [poisoned by an adder]
  1160 | D:2      | Slain by a worm

Skill      XL: |  1  2  3 |
---------------+----------+-----
Short Blades   | 1 |  1.7
Slings         | 6 |  6.3
Stealth        | 2 |  2.2
Fighting       | 2 |  2.1
Armour         | |  0.4
Dodging        | |  2.5

Action                   |  1- 3 |  4- 6 || total
-------------------------+-------+-------++-------
Melee: Short sword       |    14 |       ||    14
 Fire: Hunting sling     |    78 |    13 ||    91
  Use: Potion            |       |     2 ||     2
Armor: Leather armour    |    11 |     1 ||    12
Dodge: Dodged            |    38 |     5 ||    43

Vault maps used:
D:1:      erik_arrival_triangle_large, minivault_4
D:2:      first_bread

Table legend:
 A = Turns spent in this place as a percentage of turns spent in the entire game.
 B = Non-inter-level travel turns spent in this place as a percentage of non-inter-level travel turns spent in the entire game.
 C = Inter-level travel turns spent in this place as a percentage of turns spent in this place.
 D = Turns resting spent in this place as a percentage of non-inter-level travel turns spent in this place.
 E = Turns spent auto-exploring this place as a percentage of non-inter-level travel turns spent in this place.
 F = Non-inter-level travel turns spent in this place divided by the number of levels of this place that you've seen.
                   A       B       C       D       E      F
               +-------+-------+-------+-------+-------+----------------------
         Total | 100.0 | 100.0 |   1.0 |   0.7 |  18.3 | 147.5
       Dungeon | 100.0 | 100.0 |   1.0 |   0.7 |  18.3 | 147.5
               +-------+-------+-------+-------+-------+----------------------

Table legend:
 A = Kills in this place as a percentage of kills in entire the game.
 B = Kills by you in this place as a percentage of kills by you in the entire game.
 C = Kills by friends in this place as a percentage of kills by friends in the entire game.
 D = Other kills in this place as a percentage of other kills in the entire game.
 E = Experience gained in this place as a percentage of experience gained in the entire game.
 F = Experience gained in this place divided by the number of levels of this place that you have seen.
                   A       B       C       D       E      F
               +-------+-------+-------+-------+-------+----------------------
         Total | 100.0 | 100.0 |  -nan |  -nan | 100.0 |  41.0
       Dungeon | 100.0 | 100.0 |  -nan |  -nan | 100.0 |  41.0
               +-------+-------+-------+-------+-------+----------------------
